 Dungeon Crawl Stone Soup version 0.28-a0-1447-ga5a8893891 (webtiles) character file.

Game seed: 6696985812450893204

55 ytrimaz the Insei (level 3, -11/23 HPs)
             Began as an Octopode Transmuter on Jan 10, 2022.
             Mangled by an iguana (13 damage)
             ... on level 3 of the Dungeon.
             The game lasted 00:01:46 (2361 turns).

ytrimaz the Insei (Octopode Transmuter)             Turns: 2361, Time: 00:01:47

Health: -11/23     AC:  1    Str:  9    XL:     3   Next: 93%
Magic:  5/6        EV: 13    Int: 17    God:
Gold:   64         SH:  0    Dex: 12    Spells: 1/7 levels left

rFire   . . .      SeeInvis .     - Unarmed
rCold   . . .      Faith    +   (no shield)
rNeg    . . .      Spirit   .   (helmet currently unavailable)
rPois   .          Reflect  .   h - amulet of faith
rElec   .          Harm     .   (no ring)
rCorr   .          Rampage  .   (no ring)
Will    .....                   (no ring)
Stlth   ++........              (no ring)
HPRegen 0.07/turn               (no ring)
MPRegen 0.10/turn               (no ring)
                                (no ring)
                                (no ring)

@: appendages
A: tentacle spike 3, almost no armour, amphibious, 8 rings, camouflage 1,
gelatinous body 1, (nimble swimmer 1), tentacles
a: End Transformation


You were on level 3 of the Dungeon.
One of your tentacles had grown a beastly spike.
You visited 1 branch of the dungeon, and saw 3 of its levels.

You collected 64 gold pieces.

Inventory:

Jewellery
 h - an amulet of faith (around mantle)
Wands
 g - a wand of polymorph (15)
Scrolls
 c - 2 scrolls of enchant weapon
 e - a scroll of teleportation
 f - a scroll of fear
Potions
 a - a potion of mutation {unknown}


   Skills:
 - Level 1.0 Fighting
 - Level 2.0 Dodging
 * Level 3.9 Unarmed Combat
 * Level 2.5 Spellcasting
 * Level 2.6 Transmutations


You had one spell level left.
You knew the following spells:

 Your Spells              Type           Power      Damage    Failure   Level
a - Beastly Appendage     Tmut           22%        N/A       6%          1
b - Wereblood             Tmut           11%        N/A       10%         2
c - Spider Form           Tmut/Pois      6%         N/A       32%         3

Your spell library contained the following spells:

 Spells                   Type           Power      Damage    Failure   Level
 Ice Form                 Ice/Tmut       6%         N/A       71%         4


Dungeon Overview and Level Annotations

Branches:
Dungeon (3/15)

Altars:

Annotations:
D:2 exclusion: door


Innate Abilities, Weirdness & Mutations

One of your tentacles has grown a beastly spike.
You cannot wear most types of armour.
You are amphibious.
You can wear up to eight rings at the same time.
Your skin changes colour to match your surroundings (Stealth+).
Your rubbery body absorbs attacks. (AC +1, EV +1)
((You are camouflaged when in or above water. (Stealth+)))
You have tentacles for arms and can constrict up to eight enemies at once.


Message History

One of your tentacles grows a vicious spike.
Your transformation is almost over.
The helpless ball python fails to defend itself.
You tentacle-slap the ball python. You grab the ball python.
The ball python is moderately wounded.
You constrict the ball python. The ball python closely misses you. x2
You tentacle-slap the ball python.
You kill the ball python!
You see here a ball python corpse.
Magic restored.
Your tentacle spike disappears.
Found a chain mail.
An iguana comes into view.
An iguana is nearby!
An iguana is nearby!
The iguana hisses angrily.
One of your tentacles grows a vicious spike.
The iguana barely misses you.
You closely miss the iguana. Your grab misses the iguana.
You squeeze the iguana, but do no damage.
The iguana bites you!
You tentacle-slap the iguana but do no damage.
You grab the iguana.
You constrict the iguana, but do no damage.
The iguana bites you!
* * * LOW HITPOINT WARNING * * *
You tentacle-slap the iguana but do no damage.
You squeeze the iguana.
The iguana is lightly wounded.
You constrict the iguana, but do no damage.
The iguana closely misses you.
You tentacle-slap the iguana but do no damage.
The iguana is lightly wounded.
You constrict the iguana. The iguana closely misses you.
You tentacle-slap the iguana.
You pierce the iguana.
You tentacle-slap the iguana, but do no damage.
The iguana is moderately wounded.
You constrict the iguana. The iguana bites you!
Ouch! That really hurt!
You die...

# ## ...# ###
.#.#... # #..#.#
.# #. #.... ..#
#^.###.l# ...#
#..[..@.# #...
#.......##..#
##......#...#
######...#
##...# ##
##†.##.# ..
###...# #..
#.##.....# ...#
#......#.......#


You could see an iguana.

Vanquished Creatures
  An adder (D:2)
  3 dart slugs (D:1)
  3 ball pythons
  An endoplasm (D:2)
  4 giant cockroaches
  3 goblins
  5 hobgoblins
  A quokka (D:1)
  3 bats
  9 kobolds (D:2)
  3 rats
36 creatures vanquished.

Vanquished Creatures (others)
  6 toadstools (D:2)
6 creatures vanquished.

Grand Total: 42 creatures vanquished

Notes
Turn   | Place    | Note
-------+----------+-------------------------------------------
     0 | D:1      | ytrimaz the Octopode Transmuter began the quest for the
                  | Orb.
     0 | D:1      | Reached XP level 1. HP: 13/13 MP: 3/3
    48 | D:1      | Found a faded altar of an unknown god.
   259 | D:1      | Reached XP level 2. HP: 18/18 MP: 3/5
  1210 | D:2      | Reached XP level 3. HP: 23/23 MP: 6/6
  1213 | D:2      | Learned a level 2 spell: Wereblood
  1217 | D:2      | Learned a level 3 spell: Spider Form
  2361 | D:3      | Mangled by an iguana

Illustrated notes

Levels and vault maps discovered:
D:1:      heliophobic_arrival_henge, layout_basic,
          dreamdust_ecumenical_altar_hidden_monk_grotto,
          minmay_misc_feat_encased, wad_floor_pattern_1,
          chequers_serial_rivers_room_b
D:2:      cheibrodos_fertilizer, layout_loops_ring,
          minmay_misc_feat_four_crosses, minmay_misc_feat_alley
D:3:      layout_loops_cross, serial_shops, shop, minmay_vboxes, uniq_sigmund

Action                   || total
-------------------------++-------
Melee: Unarmed           ||    73
       Constrict         ||    27
       Tentacles         ||    16
       Kick              ||    18
       Punch             ||     2
 Cast: Beastly Appendage ||    25
       Wereblood         ||     1
  Use: Scroll            ||     6
 Stab: Sleeping          ||     7
Armor: Skin              ||     7
Dodge: Dodged            ||    56

Table legend: (Time is in decaauts)
 A = Elapsed time spent in this place.
 B = Non-inter-level travel time spent in this place.
 C = Inter-level travel time spent in this place.
 D = Time resting spent in this place.
 E = Time spent auto-exploring this place.
 F = Levels seen in this place.
 G = Mean time per level.
                   A        B        C        D        E       F      G
               +--------+--------+--------+--------+--------+-----+--------+
         Total |   2355 |   2328 |     27 |    264 |   1705 |   3 |  785.0 |
       Dungeon |   2355 |   2328 |     27 |    264 |   1705 |   3 |  785.0 |
               +--------+--------+--------+--------+--------+-----+--------+

Top non-repeatable levels by time:
     D:1: 1192 daAuts
     D:2: 1133 daAuts
     D:3: 29 daAuts
